Map: Simulacrum LE

Players

saraevans

  • Race: Zerg Zerg
  • League: Diamond
  • Spawn Location: 11:00

IlIlIlIlIlIl - Winner!

  • Race: Protoss Protoss
  • League: Diamond
  • Spawn Location: 5:00

VOD

Have the link to the VOD?

Description

Time

  • Played on: May 16, 2020, 11:11 a.m.
  • Length: 6:08
Show
View Real Time Build Order
Export as new Build Order

saraevans Zerg 

Build Orders: Hatch First 

Get SALT Encoding   

  12  0:01  Drone  
  13  0:15  Overlord  
  13  0:17  Drone  
  14  0:34  Drone  
  14  0:35  Drone  
  16  0:38  Drone  
  17  0:55  Hatchery  
  17  0:56  Drone  
  17  1:07  Drone  
  18  1:12  Drone  
  18  1:13  Extractor  
  18  1:20  Spawning Pool  
  18  1:24  Drone  
  18  1:31  Drone  
  19  1:44  Overlord  
  19  1:52  Drone  
  20  2:09  Queen, Hatchery  
  21  2:15  Queen  
  21  2:21  Zergling x2  
  24  2:31  Metabolic Boost  
  24  2:34  Drone x2  
  26  2:38  Drone x3  
  29  2:47  Overlord  
  29  2:52  Drone x2  
  31  3:00  Queen  
  31  3:03  Overlord  
  31  3:05  Drone  
  34  3:10  Drone x2  
  36  3:21  Drone x2  
  36  3:22  Drone, Queen  
  41  3:35  Queen  
  41  3:37  Drone x5  
  48  3:43  Queen  
  48  3:48  Overlord  
  50  3:57  Zergling x4  
  50  3:58  Zergling x2  
  50  3:59  Drone x5  
  58  4:07  Drone x3, Extractor  
  60  4:11  Queen  
  61  4:25  Lair  
  61  4:37  Drone  
  61  4:38  Drone x3  
  65  4:41  Spore Crawler  
  65  4:44  Spore Crawler  
  63  4:51  Overlord x2  
  63  4:53  Zergling x6  
  65  5:01  Drone  
  65  5:10  Spore Crawler  
  65  5:12  Drone, Spine Crawler  
  65  5:13  Drone x4  
  67  5:22  Extractor  
  67  5:25  Drone x7  
  73  5:28  Extractor  
  73  5:31  Infestation Pit  
  73  5:33  Evolution Chamber, Baneling Nest  
  73  5:34  Drone x3  
  72  5:37  Zergling x2  
  72  5:38  Zergling x2  
Show
View Real Time Build Order
Export as new Build Order

IlIlIlIlIlIl Protoss - Winner!

Build Orders: Nexus First 

Get SALT Encoding   

  12  0:00  Probe  
  13  0:12  Probe  
  14  0:20  Pylon  
  14  0:25  Probe  
  15  0:38  Probe  
  16  0:51  Probe  
  17  1:01  Nexus  
  17  1:14  Gateway  
  17  1:20  Pylon  
  17  1:23  Probe (Chrono Boost)  
  19  1:33  Probe (Chrono Boost)  
  19  1:34  Assimilator  
  19  1:38  Probe (Chrono Boost)  
  20  1:42  Assimilator  
  20  1:49  Probe  
  21  2:01  Probe (Chrono Boost), Cybernetics Core  
  22  2:12  Probe (Chrono Boost)  
  24  2:15  Probe (Chrono Boost)  
  24  2:16  Zealot  
  24  2:21  Probe (Chrono Boost)  
  27  2:23  Probe (Chrono Boost)  
  27  2:28  Probe (Chrono Boost)  
  29  2:30  Probe (Chrono Boost)  
  30  2:37  Robotics Facility  
  30  2:42  Probe (Chrono Boost)  
  32  2:45  Probe (Chrono Boost), Sentry  
  32  2:50  Probe (Chrono Boost)  
  35  2:53  Probe (Chrono Boost)  
  35  2:55  Warp Gate  
  35  2:56  Probe  
  37  3:04  Probe  
  38  3:08  Probe (Chrono Boost)  
  38  3:09  Pylon  
  39  3:13  Pylon  
  40  3:20  Probe (Chrono Boost)  
  40  3:21  Probe (Chrono Boost)  
  40  3:24  Immortal (Chrono Boost)  
  45  3:29  Probe (Chrono Boost)  
  45  3:31  Probe (Chrono Boost)  
  45  3:32  Adept  
  49  3:35  Probe  
  50  4:01  Immortal (Chrono Boost)  
  54  4:16  Nexus  
  54  4:17  Pylon  
  54  4:22  Gateway  
  54  4:23  Gateway  
  54  4:26  Gateway  
  54  4:29  Gateway  
  54  4:30  Warp Prism (Chrono Boost), Gateway  
  56  4:39  Probe  
  56  4:40  Probe, Pylon  
  56  4:44  Pylon  
  58  4:56  Probe  
  58  4:59  Adept  
  61  5:05  Observer  
  60  5:07  Probe  
  60  5:09  Probe  
  62  5:18  Assimilator  
  62  5:20  Assimilator  
  62  5:22  Twilight Council  
  62  5:23  Forge  
  62  5:25  Probe  
  63  5:32  Zealot x5  
  73  5:39  Probe  
  73  5:40  Observer  
  75  5:43  Probe  
  76  6:01  Adept x4  
  76  6:02  Adept  
Tags
 
Add a new tag
Caveats
  • Supply blocks, unpowered buildings, or Contaminate may cause inaccurate times.
  • Supply counts are checked every 10 seconds.